 Dungeon Crawl Stone Soup version 0.29.1-12-g30fa7ad0bf (webtiles) character file.

Game seed: 17604335656549697795

169723 Coaxmetal the Thaumaturge (level 17, -5/110 HPs)
             Began as a Gargoyle Earth Elementalist on Dec 17, 2022.
             Was a High Priest of Sif Muna.
             Slain by an acid blob (26 damage)
             ... on level 1 of the Pits of Slime on Dec 18, 2022.
             The game lasted 02:06:40 (40754 turns).

Coaxmetal the Thaumaturge (GrEE)                   Turns: 40754, Time: 02:06:41

Health: -5/110     AC: 18    Str: 15 (16) XL:     17   Next: 68%
Magic:  13/35      EV: 14    Int: 32 (33) God:    Sif Muna [*****.]
Gold:   2134       SH:  7    Dex: 10      Spells: 5/44 levels left

rFire   . . .      SeeInvis .   a - +3 long sword "Lyowycel" {vorpal, Str+4 Stlth+}
rCold   + + +      Faith    .   R - +2 buckler {AC+3}
rNeg    + . .      Spirit   .   j - +0 robe {Will+}
rPois   ∞          Reflect  .   X - +1 hat
rElec   +          Harm     .   K - scarf {rC+ rF+}
rCorr   .          Rampage  .   Y - +2 pair of gloves "Neniymp" {Int+5 Dex-2}
Will    ++...                   U - +0 pair of boots
Stlth   +++.......              D - amulet of magic regeneration
HPRegen 0.28/turn               Q - ring of ice
MPRegen 0.64/turn               v - +6 ring of intelligence

@: wereblooded, corroded, flying, unable to drink
A: sickness immunity, AC +12, big wings, negative energy resistance 1,
electricity resistance, torment resistance 1, petrification resistance, cold
resistance 2, deterioration 1, inability to drink after injury 1
}: 1/15 runes: decaying
a: Renounce Religion, Channel Magic, Forget Spell, Divine Exegesis


You were on level 1 of the Pits of Slime.
You worshipped Sif Muna.
Sif Muna was extremely pleased with you.
You visited 7 branches of the dungeon, and saw 30 of its levels.
You also visited: Ossuary and Ice Cave.

You collected 2457 gold pieces.
You spent 323 gold pieces at shops.

Inventory:

Hand Weapons
 a - the +3 long sword "Lyowycel" (weapon) {vorpal, Str+4 Stlth+}
   (You found it on level 6 of the Dungeon)

   It inflicts extra damage upon your enemies.
   Str:       It affects your strength (+4).
   Stlth:     It makes you more stealthy.
 b - the +6 arbalest of Wadoqu {penet, MP+9 Str-2 Int-3 Dex+7}
   (You found it on level 3 of the Swamp)

   Any ammunition fired by it passes through the targets it hits, potentially
   hitting all targets in its path until it reaches maximum range.
   Str:       It affects your strength (-2).
   Int:       It affects your intelligence (-3).
   Dex:       It affects your dexterity (+7).
   MP:        It affects your magic capacity (+9).
 V - the +3 flail "Tuil" {freeze, Contam rN+++ Will+}
   (You took it off a gnoll on level 9 of the Dungeon)

   It freezes those it strikes, dealing additional cold damage.
   It can also slow down cold-blooded creatures.
   rN:        It renders you almost immune to negative energy.
   Contam:    It causes magical contamination when unequipped.
   Will:      It increases your willpower.
Missiles
 A - 7 curare-tipped darts (quivered)
 F - 2 throwing nets
Armour
 g - +0 steam dragon scales
 j - a +0 robe of willpower (worn)
 K - a scarf of resistance (worn)
 R - a +2 buckler of protection (worn)
 U - a +0 pair of boots (worn)
 X - a +1 hat (worn)
 Y - the +2 pair of gloves "Neniymp" (worn) {Int+5 Dex-2}
   (You bought it in a shop on level 2 of the Orcish Mines)

   Int:       It affects your intelligence (+5).
   Dex:       It affects your dexterity (-2).
Jewellery
 l - a +6 ring of strength
 v - a +6 ring of intelligence (right hand)
 D - an amulet of magic regeneration (around neck)
 I - a ring of fire
 M - a +4 ring of protection
 N - an amulet of regeneration
 P - a +4 ring of protection
 Q - a ring of ice (left hand)
Wands
 n - a wand of mindburst (18)
 t - a wand of paralysis (13)
 E - a wand of polymorph (18)
 G - a wand of digging (21)
 O - a wand of acid (15)
Scrolls
 c - 2 scrolls of blinking
 d - 3 scrolls of magic mapping
 e - 14 scrolls of identify
 f - a scroll of torment
 i - 2 scrolls of fear
 m - 6 scrolls of enchant weapon
 w - 6 scrolls of teleportation
 x - 8 scrolls of immolation
 y - 3 scrolls of enchant armour
 z - 2 scrolls of poison
 B - 3 scrolls of summoning
 C - 4 scrolls of amnesia
 L - a scroll of brand weapon
 T - 2 scrolls of silence
 W - 4 scrolls of butterflies
Potions
 h - a potion of resistance
 k - 2 potions of magic
 o - 4 potions of brilliance
 p - a potion of heal wounds
 q - 4 potions of haste
 r - 2 potions of invisibility
 s - 8 potions of curing
 u - 2 potions of might
 H - 2 potions of berserk rage
Miscellaneous
 S - a tin of tremorstones (2/2)


   Skills:
 + Level 13.8 Fighting
 - Level 8.0 Long Blades
 - Level 10.0 Dodging
 - Level 2.1 Stealth
 - Level 5.0 Shields
 - Level 14.0 Spellcasting
 - Level 8.0 Conjurations
 - Level 7.0 Hexes
 + Level 7.5 Necromancy
 - Level 3.0 Translocations
 - Level 3.0 Transmutations
 - Level 8.0 Ice Magic
 - Level 6.0 Air Magic
 - Level 10.0 Earth Magic
 - Level 3.0 Poison Magic
 - Level 5.0 Invocations


You had 5 spell levels left.
You knew the following spells:

 Your Spells              Type           Power      Damage    Failure   Level
a - Sandblast             Erth           100%       2d20      1%          1
b - Mephitic Cloud        Conj/Pois/Air  55%        N/A       1%          3
c - Swiftness             Air            57%        N/A       1%          3
d - Stone Arrow           Conj/Erth      100%       3d13      1%          3
e - Tukima's Dance        Hex            61%        N/A       1%          3
f - Borgnjor's Vile Clut  Necr/Erth      34%        N/A       1%          5
g - Wereblood             Tmut           41%        N/A       1%          2
h - Ozocubu's Armour      Ice            84%        N/A       1%          3
i - Freezing Cloud        Conj/Ice/Air   40%        6-21      3%          5
j - Metabolic Englaciati  Hex/Ice        40%        N/A       3%          5
l - Simulacrum            Ice/Necr       41%        N/A       16%         6

Your spell library contained the following spells:

 Spells                   Type           Power      Damage    Failure   Level
 Necrotise                Necr           100%       1d9       1%          1
 Shock                    Conj/Air       100%       1d9       1%          1
 Sting                    Tmut/Pois      100%       1d8       1%          1
 Ensorcelled Hibernation  Hex/Ice        100%       N/A       1%          2
 Passwall                 Tmut/Erth      49%        N/A       1%          2
 Poisonous Vapours        Pois/Air       100%       N/A       1%          2
 Static Discharge         Conj/Air       61%        3-11/arc  1%          2
 Dazzling Flash           Conj/Hex       100%       N/A       1%          3
 Inner Flame              Hex/Fire       44%        N/A       1%          3
 Portal Projectile        Hex/Tloc       100%       N/A       1%          3
 Summon Guardian Golem    Hex/Summ       44%        N/A       1%          3
 Vampiric Draining        Necr           63%        2d10      1%          3
 Anguish                  Hex/Necr       31%        N/A       1%          4
 Dispel Undead            Necr           63%        3d22      1%          4
 Fulminant Prism          Conj/Hex       31%        3d16      1%          4
 Leda's Liquefaction      Hex/Erth       33%        N/A       1%          4
 Petrify                  Tmut/Erth      59%        N/A       1%          4
 Gell's Gravitas          Tloc           41%        N/A       2%          3
 Lesser Beckoning         Tloc           41%        N/A       2%          3
 Spider Form              Tmut/Pois      41%        N/A       2%          3
 Teleport Other           Tloc           41%        N/A       2%          3
 Airstrike                Air            28%        2d(5-21)  2%          4
 Corpse Rot               Necr/Pois/Air  55%        N/A       2%          4
 Iskenderun's Mystic Bla  Conj/Tloc      55%        2d12      2%          4
 Scorch                   Fire           44%        2d7       3%          2
 Ignite Poison            Fire/Tmut/Pois 35%        N/A       3%          3
 Flame Wave               Conj/Fire      48%        2d12      4%          4
 Lightning Bolt           Conj/Air       30%        1d47      4%          5
 Silence                  Hex/Air        29%        N/A       4%          5
 Call Canine Familiar     Summ           22%        N/A       8%          3
 Olgreb's Toxic Radiance  Pois           41%        N/A       8%          4
 Fireball                 Conj/Fire      24%        3d11      14%         5
 Alistair's Intoxication  Tmut/Pois      27%        N/A       21%         5
 Blade Hands              Tmut           20%        N/A       21%         5
 Conjure Ball Lightning   Conj/Air       30%        3x3d10    22%         6
 Starburst                Conj/Fire      24%        6d8       58%         6
 Orb of Destruction       Conj           32%        9d10      63%         7
 Eringya's Noxious Bog    Tmut/Pois      20%        N/A       75%         6
 Summon Cactus Giant      Summ           11%        N/A       98%         6
 Summon Hydra             Summ           11%        N/A       100%        7
 Infestation              Necr           31%        N/A       100%        8
 Maxwell's Capacitive Co  Air            28%        ∞         100%        8
 Chain Lightning          Conj/Air       30%        3d40      100%        9
 Death's Door             Necr           31%        N/A       100%        9
 Polar Vortex             Ice            42%        N/A       100%        9
 Sublimation of Blood     Necr           Unusable   N/A       N/A         2

Dungeon Overview and Level Annotations

Branches:
Dungeon (15/15)            Temple (1/1) D:6            Lair (5/5) D:9
  Swamp (4/4) Lair:2       Spider (1/4) Lair:3        Slime (2/5) Lair:5
    Orc (2/2) D:9             Elf (0/3) Orc:2        Vaults (0/5) D:13
 Depths (0/4) D:15        Ossuary (visited)           IceCv (visited)

Altars:
Ashenzari
Cheibriados
Dithmenos
Elyvilon
Fedhas
Gozag
Hepliaklqana
Kikubaaqudgha
Makhleb
Nemelex Xobeh
Okawaru
Qazlal
Ru
Sif Muna
Trog
Uskayaw
Vehumet
Wu Jian
Xom
Yredelemnul
Zin
The Shining One
Jiyva

Shops:
D:5 (   Orc:2 (!:[

Portals:
Trove: D:13 (give 2 scrolls of acquirement)

Annotations:
D:3 1 runed translucent door, PorkyPig's ghost, amateur GrCj
D:12 1 runed translucent door, Xeneth's ghost, journeyman DsBe
Orc:2 3 runed translucent doors, zeram's ghost, journeyman TrFi


Innate Abilities, Weirdness & Mutations

You are immune to sickness and miasma.
Your stone body is resilient. (AC +12)
You are immune to poison.
Your large and strong wings let you fly.
You resist negative energy. (rN+)
You are resistant to electric shocks. (rElec)
You are resistant to unholy torment.
You are immune to petrification.
Your flesh is very cold resistant. (rC++)
Your body sometimes deteriorates upon taking damage.
You occasionally lose the ability to drink potions when taking damage.


Message History

The acid corrodes you!
The very large slime creature is engulfed in freezing vapours.
The very large slime creature hits you!!
You feel threatened and lose the ability to drink potions!
The quicksilver ooze is engulfed in freezing vapours.
You feel a bit better.
You kill the quicksilver ooze!
Sif Muna accepts your kill. The ooze engulfing you falls away.
The large slime creature is engulfed in freezing vapours.
A large slime creature splits.
The slime creature is engulfed in freezing vapours.
The large slime creature is engulfed in freezing vapours.
The large slime creature barely misses you.
The acid blob is engulfed in freezing vapours. x2
The acid blob hits you but does no damage.
The slime creature is engulfed in freezing vapours.
The slime creature completely misses you.
The rockslime is engulfed in freezing vapours.
The rockslime hits you but does no damage.
You fly upwards.
Your icy armour cracks and falls away as you move.
There is a stone staircase leading down here.
Unknown command.
Okay, then.
You cannot drink potions in your current state!
Unknown command.
As you read the scroll of fear, it crumbles to dust.
You assume a fearsome visage.
The acid blob resists with almost no effort. x2
The large slime creature looks frightened!
The very large slime creature looks frightened!
The slime creature looks frightened!
The large slime creature looks frightened!
The rockslime looks frightened!
The acid blob hits you!
* * * LOW HITPOINT WARNING * * *
You are splashed with acid!
* * * LOW HITPOINT WARNING * * *
The acid blob hits you!!
You die...

##..##.#........#
#..............##
##.........##.##
##...##....#####
#....##.....##
#..##.......##
#.J.J......#.## ###
###...J........#
##..##.#.J@...#.....#
#.......#JJ..#......#
#..........J......##
###...............##
#.................##
##.................#
##...##..<.......##
#...#.........###
##.#........###


You could see 2 acid blobs, a very large slime creature (fleeing), 2 large slime
creatures, a slime creature (fleeing) and a rockslime (fleeing).

Vanquished Creatures
  A sphinx (D:13)
  Frances (D:14)
  A fenstrider witch (Swamp:2)
  A frost giant (D:13)
  A juggernaut zombie (Swamp:2)
  An orc warlord (Orc:2)
  A broodmother (Spider:1)
  A quicksilver ooze (Slime:2)
  3 eleionomae
  An entropy weaver (Spider:1)
  4 bunyips (Swamp:4)
  An ettin (D:15)
  Snorg (Lair:4)
  2 fire dragons
  A shambling mangrove (Swamp:4)
  A great orb of eyes (Slime:2)
  2 vault guards (D:13)
  An ogre mage (D:15)
  22 hydras
  Erica (Lair:1)
  3 ghost crabs
  A death knight (D:14)
  4 two-headed ogres
  8 centaur warriors
  7 boulder beetles
  2 tengu warriors
  3 alligators
  Urug (Lair:5)
  An orc high priest (Orc:2)
  Sonja (Lair:3)
  3 deep trolls (D:15)
  4 steelbarb worms (Spider:1)
  A death drake (Swamp:3)
  6 goliath frogs
  4 spriggan druids
  4 bunyip zombies (Swamp:2)
  3 orb spiders (Spider:1)
  8 bog bodies
  8 swamp dragons
  4 bunyip skeletons (Swamp:2)
  A wizard (D:15)
  A lindwurm (Lair:5)
  2 necromancers
  6 ugly things
  2 orc knights (D:15)
  7 orc sorcerers
  2 deep elf pyromancers
  7 wolf spiders
  3 will-o-the-wisps
  A shining eye (Slime:1)
  9 cyclopes
  4 manticores
  22 elephants
  An eye of devastation (shapeshifter) (D:15)
  A gargoyle (D:13)
  11 cane toads
  2 molten gargoyles (Lair:5)
  12 black mambas
  An unseen horror (D:13)
  A rime drake (Lair:2)
  A torpor snail (Lair:4)
  A freezing wraith (IceCv)
  A demonic crawler (Spider:1)
  Maggie (Lair:1)
  2 kobold demonologists
  12 komodo dragons
  3 tengu conjurers
  2 ice devils (Lair:2)
  10 trolls
  2 polar bears (Lair:5)
  9 meliai
  A polar bear (shapeshifter) (D:13)
  4 tarantellas (Spider:1)
  5 hornets
  7 tyrant leeches
  6 slime creatures
  4 blink frogs
  11 jumping spiders (Spider:1)
  A centaur simulacrum (D:15)
  A shadow (D:9)
  2 culicivoras (Spider:1)
  3 wyverns
  4 spriggans
  3 basilisks
  8 humans (D:13)
  56 yaks
  17 redbacks (Spider:1)
  5 wraiths
  Eustachio (D:5)
  2 steam dragons (Lair:5)
  A death yak simulacrum (IceCv)
  7 vampire mosquitoes
  Menkaure (D:5)
  2 wargs (Orc:2)
  27 swamp worms
  4 hell hounds (Lair:5)
  An acid dragon (D:10)
  9 water moccasins
  6 swamp drakes (Swamp:4)
  A sky beast (D:6)
  A black bear (D:5)
  26 orc warriors
  13 ogres
  12 centaurs
  14 wolves
  6 kobold brigands
  4 phantoms
  12 bullfrogs
  3 necrophages
  A bullfrog (shapeshifter) (D:13)
  3 gnoll sergeants
  5 scorpions
  5 wights
  A cane toad simulacrum (IceCv)
  12 killer bees
  An electric eel (Lair:5)
  5 lava snakes (Lair:5)
  A human zombie (Ossuary)
  3 jellies
  3 hounds (D:5)
  A gnoll bouda (D:6)
  15 orc priests
  An iguana (D:4)
  34 orc wizards
  7 mummies
  16 gnolls
  11 adders
  2 shadow imps
  2 ufetubi
  A worm (D:4)
  4 dart slugs
  78 orcs
  17 endoplasms
  5 giant cockroaches
  7 goblins
  8 hobgoblins
  4 quokkas
  2 ball pythons
  4 bats
  A frilled lizard (D:2)
  2 gnoll zombies (Ossuary)
  A goblin zombie (Ossuary)
  20 kobolds
  2 kobold zombies (Ossuary)
  2 orc zombies (Ossuary)
  6 rats
  11 briar patches (Lair:1)
859 creatures vanquished.

Vanquished Creatures (collateral kills)
  A killer bee (D:9)
  3 orc priests (Orc:2)
  An orc wizard (Orc:2)
  2 orcs (Orc:2)
7 creatures vanquished.

Vanquished Creatures (others)
  A bloated husk (Swamp:1)
  A hornet (Swamp:1)
  A human (D:13)
  A vampire mosquito (Swamp:1)
  4 dancing weapons (D:9)
  4 foxfires
  25 fungi
  38 plants
75 creatures vanquished.

Grand Total: 941 creatures vanquished

Notes
Turn   | Place    | Note
-------+----------+-------------------------------------------
     0 | D:1      | Coaxmetal the Gargoyle Earth Elementalist began the quest
                  | for the Orb.
     0 | D:1      | Reached XP level 1. HP: 10/10 MP: 3/3
   488 | D:1      | Reached XP level 2. HP: 16/16 MP: 1/5
   823 | D:1      | Reached skill level 1 in Fighting
   931 | D:1      | Reached XP level 3. HP: 20/20 MP: 4/6
  1645 | D:2      | Reached XP level 4. HP: 25/25 MP: 5/7
  2301 | D:3      | Found a faded altar of an unknown god.
  2578 | D:3      | Found an opulent altar of Gozag.
  2683 | D:3      | Found a runed translucent door.
  2957 | D:3      | Noticed PorkyPig's ghost (amateur GrCj)
  2972 | D:3      | Found a shimmering blue altar of Sif Muna.
  3082 | D:3      | Reached skill level 5 in Earth Magic
  3582 | D:4      | Learned a level 3 spell: Mephitic Cloud
  3615 | D:4      | Reached XP level 5. HP: 30/30 MP: 6/9
  3889 | D:4      | Reached skill level 1 in Conjurations
  3889 | D:4      | Reached skill level 1 in Air Magic
  3889 | D:4      | Reached skill level 1 in Poison Magic
  3889 | D:4      | Reached XP level 6. HP: 32/35 MP: 4/10
  4234 | D:4      | Reached skill level 3 in Spellcasting
  4609 | D:5      | Entered Level 5 of the Dungeon
  4613 | D:5      | Noticed a water moccasin
  4645 | D:5      | Found Vuazazas's Antique Weapon Emporium.
  4712 | D:5      | Noticed Menkaure
  4913 | D:5      | Killed Menkaure
  4914 | D:5      | Reached XP level 7. HP: 13/40 MP: 5/11
  5379 | D:5      | Reached XP level 8. HP: 46/46 MP: 6/13
  5868 | D:5      | Noticed a komodo dragon
  5880 | D:5      | Gained mutation: Your body sometimes deteriorates upon
                  | taking damage. [potion of mutation]
  5880 | D:5      | Gained mutation: Your flesh is cold resistant. (rC+)
                  | [potion of mutation]
  5880 | D:5      | Gained mutation: Your flesh is very cold resistant. (rC++)
                  | [potion of mutation]
  6216 | D:5      | Noticed Eustachio
  6257 | D:5      | Killed Eustachio
  6258 | D:5      | Reached skill level 4 in Spellcasting
  6619 | D:5      | Found a glowing silver altar of Zin.
  6619 | D:5      | Found a blossoming altar of Fedhas.
  6682 | D:5      | Reached skill level 5 in Conjurations
  6779 | D:5      | Learned a level 3 spell: Swiftness
  6783 | D:5      | Learned a level 3 spell: Stone Arrow
  6799 | D:5      | Reached XP level 9. HP: 52/52 MP: 12/15
  7186 | D:6      | Found a staircase to the Ecumenical Temple.
  7239 | Temple   | Entered the Ecumenical Temple
  7448 | D:3      | Became a worshipper of Sif Muna the Loreminder
  7652 | D:6      | Identified the +3 long sword "Lyowycel" {vorpal, Str+4
                  | Stlth+}
  8022 | D:6      | Reached skill level 5 in Spellcasting
  8116 | D:6      | Reached skill level 5 in Fighting
  8116 | D:6      | Reached skill level 1 in Long Blades
  8391 | D:6      | Found a shimmering altar of Xom.
  8393 | D:6      | Found a radiant altar of Vehumet.
  8393 | D:6      | Found a sparkling altar of Nemelex Xobeh.
  8401 | D:6      | Found a sacrificial altar of Ru.
  8401 | D:6      | Found a glowing golden altar of the Shining One.
  8401 | D:6      | Found a white marble altar of Elyvilon.
  8950 | D:7      | Found an ornate altar of the Wu Jian Council.
  9018 | D:7      | Found a hide-covered altar of Uskayaw.
  9039 | D:7      | Reached * piety under Sif Muna
  9048 | D:7      | Reached XP level 10. HP: 56/59 MP: 16/18
  9078 | D:7      | Found a radiant altar of Vehumet.
  9481 | D:8      | Reached skill level 5 in Dodging
  9578 | D:8      | Found a hazy altar of Hepliaklqana.
  9579 | D:8      | Found a shadowy altar of Dithmenos.
  9599 | D:8      | Found an iron altar of Okawaru.
  9987 | D:8      | Found a sand-covered staircase.
  9992 | Ossuary  | Entered an ossuary
 10540 | D:9      | Reached skill level 6 in Spellcasting
 10690 | D:9      | Reached skill level 5 in Air Magic
 10697 | D:9      | Reached ** piety under Sif Muna
 11057 | D:9      | Identified the +3 flail "Tuil" {freeze, Contam rN+++ Will+}
 11329 | D:9      | Found a snail-covered altar of Cheibriados.
 11332 | D:9      | Reached skill level 7 in Spellcasting
 11367 | D:9      | Reached skill level 5 in Long Blades
 11534 | D:9      | Noticed a two-headed ogre
 11556 | D:9      | Killed a two-headed ogre
 11557 | D:9      | Reached skill level 8 in Spellcasting
 11557 | D:9      | Reached skill level 1 in Invocations
 11557 | D:9      | Reached XP level 11. HP: 56/63 MP: 12/23
 11561 | D:9      | Learned a level 3 spell: Tukima's Dance
 11615 | D:9      | Learned a level 2 spell: Ensorcelled Hibernation
 11704 | D:9      | Reached skill level 1 in Ice Magic
 11706 | D:9      | Reached skill level 1 in Hexes
 12025 | D:9      | Found a staircase to the Lair.
 12049 | D:9      | Found a broken altar of Ashenzari.
 12050 | D:9      | Found a burning altar of Makhleb.
 12050 | D:9      | Found a sparkling altar of Nemelex Xobeh.
 12383 | D:9      | Reached *** piety under Sif Muna
 12424 | D:9      | Found a staircase to the Orcish Mines.
 12523 | Lair:1   | Entered Level 1 of the Lair of Beasts
 12532 | Lair:1   | Found the +10 tower shield of Ignorance {rN+ Int-4}
 12671 | Lair:1   | Noticed Erica
 12681 | Lair:1   | Killed Erica
 12763 | Lair:1   | Noticed Maggie
 12782 | Lair:1   | Killed Maggie
 12898 | Lair:1   | Found a transporter.
 13177 | Lair:1   | Found a transporter.
 13771 | Lair:2   | Found a frozen archway.
 13876 | IceCv    | Entered an ice cave
 14064 | IceCv    | Found a transporter.
 14068 | IceCv    | Noticed a white ugly thing
 14083 | IceCv    | Found a transporter.
 14114 | Lair:2   | Found a staircase to the Swamp.
 14114 | Lair:2   | Noticed a bog body
 14114 | Lair:2   | Noticed a bog body
 14141 | Lair:2   | Killed a bog body
 14144 | Lair:2   | Killed a bog body
 14145 | Lair:2   | Reached skill level 9 in Spellcasting
 14379 | Lair:2   | Reached XP level 12. HP: 66/72 MP: 19/25
 15643 | Lair:3   | Learned a level 2 spell: Wereblood
 15647 | Lair:3   | Learned a level 3 spell: Ozocubu's Armour
 15653 | Lair:3   | Learned a level 5 spell: Freezing Cloud
 15718 | Lair:3   | Found a hole to the Spider Nest.
 15946 | Lair:3   | Noticed Sonja
 15954 | Lair:3   | Killed Sonja
 16240 | Lair:3   | Reached **** piety under Sif Muna
 16497 | Lair:3   | Noticed a five-headed hydra
 16517 | Lair:3   | Killed a five-headed hydra
 16720 | Lair:4   | Noticed Snorg
 16730 | Lair:4   | Reached skill level 10 in Spellcasting
 16734 | Lair:4   | Killed Snorg
 16797 | Lair:4   | Noticed an eight-headed hydra
 16815 | Lair:4   | Killed an eight-headed hydra
 16860 | Lair:4   | Reached XP level 13. HP: 61/80 MP: 18/27
 17038 | Lair:4   | Reached skill level 5 in Ice Magic
 17880 | Lair:5   | Entered Level 5 of the Lair of Beasts
 17907 | Lair:5   | Noticed Urug
 17911 | Lair:5   | Killed Urug
 18181 | Lair:5   | Reached skill level 10 in Fighting
 18357 | Lair:5   | Reached ***** piety under Sif Muna
 18653 | Lair:5   | Learned a level 5 spell: Metabolic Englaciation
 18869 | Lair:5   | Received a gift from Sif Muna
 19062 | Lair:5   | Found a staircase to the Slime Pits.
 19062 | Lair:5   | Found a viscous altar of Jiyva.
 19311 | Lair:5   | Gained mutation: Your large and strong wings let you fly.
                  | [Gargoyle growth]
 19311 | Lair:5   | Reached XP level 14. HP: 88/88 MP: 21/28
 19367 | Lair:5   | Found a large runed translucent door.
 19376 | Lair:5   | Found a large runed translucent door.
 19509 | Lair:5   | Reached skill level 5 in Invocations
 20366 | Lair:5   | Reached skill level 5 in Hexes
 21049 | D:10     | Entered Level 10 of the Dungeon
 21239 | D:10     | Found a bloodstained altar of Trog.
 21254 | D:10     | Received a gift from Sif Muna
 21260 | D:10     | Got Sif Muna's Guidebook on the Nimbus and Bewitchment {god
                  | gift}
 21431 | D:10     | Learned a level 3 spell: Gell's Gravitas
 21547 | D:10     | Reached skill level 11 in Spellcasting
 21825 | Lair:1   | Reached skill level 1 in Transmutations
 23524 | D:12     | Found a runed translucent door.
 23526 | D:12     | Noticed Xeneth's ghost (journeyman DsBe)
 24570 | D:13     | Reached skill level 12 in Spellcasting
 25084 | D:13     | Found a portal to a secret trove of treasure.
 25615 | D:13     | Noticed a sphinx
 25617 | D:13     | Noticed a frost giant
 26025 | D:13     | Reached XP level 15. HP: 62/93 MP: 14/31
 26065 | D:13     | Killed a sphinx
 26335 | D:13     | Got the Book of Shadowy Charms
 26336 | D:13     | Identified the +3 leather armour of Dagool {Will- rCorr
                  | Str+3}
 26357 | D:13     | Reached skill level 1 in Shields
 26582 | D:13     | Identified the +1 plate armour of the Invisible Spines
                  | {Contam rCorr Dex+7}
 26782 | D:13     | Killed a frost giant
 27180 | D:13     | Found a gate to the Vaults.
 27326 | D:14     | Noticed Frances
 27336 | D:14     | Killed Frances
 27822 | D:14     | Reached skill level 13 in Spellcasting
 28111 | D:14     | Learned a level 6 spell: Simulacrum
 28852 | D:15     | Entered Level 15 of the Dungeon
 29138 | D:14     | Reached skill level 1 in Translocations
 29202 | D:15     | Reached skill level 1 in Necromancy
 29318 | D:15     | Found a staircase to the Depths.
 29776 | D:15     | Received a gift from Sif Muna
 29961 | D:15     | Got Sif Muna's Papyrus of Ghastly Shifting {god gift}
 29992 | D:15     | Learned a level 5 spell: Borgnjor's Vile Clutch
 30037 | D:15     | Reached skill level 5 in Shields
 30957 | D:9      | Gained mutation: You occasionally lose the ability to drink
                  | potions when taking damage. [mutagenic glow]
 31171 | Swamp:1  | Entered Level 1 of the Swamp
 31612 | Lair:2   | Reached XP level 16. HP: 72/101 MP: 19/33
 32035 | Spider:1 | Entered Level 1 of the Spider Nest
 34897 | Swamp:2  | Reached skill level 5 in Necromancy
 34936 | Swamp:2  | Noticed a fenstrider witch
 34943 | Swamp:2  | Killed a fenstrider witch
 35172 | Swamp:2  | Received a gift from Sif Muna
 35175 | Swamp:2  | Got Sif Muna's Compendium of Hurting {god gift}
 35332 | Swamp:2  | Found an ancient bone altar of Kikubaaqudgha.
 35714 | Swamp:2  | Reached skill level 14 in Spellcasting
 35787 | Swamp:2  | Got Kikubaaqudgha's Codex of Necromancy
 35967 | Swamp:3  | Reached skill level 10 in Earth Magic
 36154 | Swamp:3  | Identified the +6 arbalest of Wadoqu {penet, MP+9 Str-2
                  | Int-3 Dex+7}
 36510 | Swamp:4  | Entered Level 4 of the Swamp
 36516 | Swamp:4  | Reached XP level 17. HP: 64/107 MP: 25/35
 37438 | Swamp:4  | Received a gift from Sif Muna
 37444 | Swamp:4  | Got Sif Muna's Grimoire of Dislocation and Concussion {god
                  | gift}
 38007 | Swamp:4  | HP: 3/109 [constriction (16)]
 38586 | Swamp:4  | Got a decaying rune of Zot
 38887 | Orc:1    | Entered Level 1 of the Orcish Mines
 39018 | Orc:2    | Entered Level 2 of the Orcish Mines
 39246 | Orc:2    | Reached skill level 10 in Dodging
 39799 | Orc:2    | Found a staircase to the Elven Halls.
 39857 | Orc:2    | Received a gift from Sif Muna
 39860 | Orc:2    | Got Sif Muna's Omnibus of the Chilled Atmosphere {god gift}
 39990 | Orc:2    | Found Zekluoja's Antique Armour Emporium.
 39990 | Orc:2    | Found Kyliche's Book Emporium.
 39991 | Orc:2    | Found Omaoghux's Weapon Shoppe.
 39996 | Orc:2    | Found Bozocr Fuple's Distillery.
 40006 | Orc:2    | Bought a pair of dazzling gloves for 323 gold pieces
 40006 | Orc:2    | Identified the +2 pair of gloves "Neniymp" {Int+5 Dex-2}
                  | (You bought it in a shop on level 2 of the Orcish Mines)
 40090 | Orc:2    | Found a runed translucent gate.
 40173 | Orc:2    | Found a runed translucent gate.
 40173 | Orc:2    | Found a runed translucent gate.
 40180 | Orc:2    | Noticed zeram's ghost (journeyman TrFi)
 40645 | Slime:1  | Entered Level 1 of the Pits of Slime
 40742 | Slime:2  | Noticed an acid blob
 40743 | Slime:2  | Noticed an acid blob
 40744 | Slime:2  | Noticed an acid blob
 40754 | Slime:1  | Slain by an acid blob

Illustrated notes

Levels and vault maps discovered:
D:1:      dpeg_arrival_round_b, layout_loops_corners
D:2:      layout_rooms
D:3:      layout_loops_corners, mainiacjoe_overflow_surrounded_room,
          mainiacjoe_overflow_24_doors, gammafunk_ghost_grave,
          shapermc_ecumenical_altar_starsandcircs, nicolae_underground_beach
D:4:      layout_gridville
D:5:      kennysheep_windowed_halls, layout_cave_pools, minitemple,
          serial_shops, nicolae_stop_n_shop_1, uniq_menkaure, uniq_eustachio
D:6:      minmay_flawed_box, layout_basic, doesnt_xom_only_xom,
          minmay_temple_entry_waves
D:7:      layout_basic, lemuel_crystal_altar, nicolae_vehumet_radiance,
          nzn_wu_jian_contemplation
D:8:      layout_loops_ring, riverfiend_overflow_shadow_ancestor,
          mainiacjoe_overflow_cross_hatched,
          nicolae_ossuary_entry_false_entrances
D:9:      layout_stronghold, chequers_temple_overflow_statue_of_worship,
          slow_altar_1, grunt_lair_entry_orc_guard_hut,
          kennysheep_orc_monster_closet_entryway, serial_column_ruins,
          column_ruins_pillar_12, column_ruins_pillar_7, column_ruins_pillar_3,
          column_ruins_pillar_3, column_ruins_pillar_7, column_ruins_pillar_4,
          column_ruins_pillar_7, column_ruins_pillar_7, column_ruins_pillar_1,
          column_ruins_pillar_5, column_ruins_pillar_11, column_ruins_pillar_2
D:10:     layout_long_grid, lemuel_crystal_altar
D:11:     layout_rooms, hangedman_abyss_or_decor_stagger
D:12:     layout_loops_cross, hellmonk_ghost_big_iron
D:13:     minmay_the_grid_net [minmay_the_grid_rooms, minmay_the_grid_tree,
          minmay_the_grid_embedded, minmay_the_grid_slots,
          minmay_the_grid_large_cup, minmay_the_grid_prize_diamond_cup],
          layout_long_grid, ximxim_vaults_locker_room, enter_trove_2
D:14:     layout_loops_ring, hangedman_decor_peaks_small, uniq_frances
D:15:     hangedman_depths_entry_civil_slaughter, layout_gridville,
          nicolae_sextant
Temple:   nicolae_temple_two_arcs
Lair:1:   gammafunk_worm_tunnel, layout_small_grid, uniq_maggie, uniq_erica
Lair:2:   layout_small_grid, skrybe_swamp_entry_bodies,
          portal_ice_cave_demonic_guard, grunt_forest_large_clearing_hut,
          serial_bayou_shore_b
Lair:3:   layout_gridlike, spider_nest_entry_web_field, uniq_sonja
Lair:4:   layout_regular_city, uniq_snorg
Lair:5:   cheibrodos_lair_end_hotspot, layout_loops_ring,
          nicolae_slime_entry_slimehenge, nicolae_quartered_pool_medium,
          uniq_urug
Swamp:1:  layout_basic_swamp, evilmike_swamp_ruin_house_5
Swamp:2:  layout_basic_swamp, evilmike_swamp_ruin_rubble_1, swamp_pool3,
          beargit_kiku_chapel
Swamp:3:  layout_basic_swamp, serial_swamp_ruin, evilmike_swamp_ruin_house_2,
          hangedman_swamp_ruin_wall
Swamp:4:  swamp, layout_basic_swamp
Spider:1: layout_cave_pods
Slime:1:  layout_caves
Slime:2:  layout_caves
Orc:1:    nicolae_orc_accident_1, layout_diamond_mine
Orc:2:    st_orc_mages, layout_caves, gammafunk_ghost_necromancy

Skill      XL: |  1  2  3  4  5  6  7  8  9 10 11 12 13 14 15 16 17 |
---------------+----------------------------------------------------+-----
Earth Magic    | 4 5 6 7 8 10 | 10.0
Fighting       | 1 2 3 4 5 7 9 10 12 13 | 13.8
Dodging        | 2 3 4 5 6 7 8 9 10 | 10.0
Conjurations   | 1 2 3 5 6 8 |  8.0
Air Magic      | 1 2 3 4 5 6 |  6.0
Poison Magic   | 1 2 3 |  3.0
Spellcasting   | 3 4 5 8 9 10 12 13 14 | 14.0
Long Blades    | 2 5 6 8 |  8.0
Invocations    | 1 3 4 5 |  5.0
Ice Magic      | 3 4 5 6 8 |  8.0
Hexes          | 3 6 7 |  7.0
Transmutations | 3 |  3.0
Shields        | 5 |  5.0
Translocations | 2 3 |  3.0
Necromancy     | 2 5 7 |  7.5
Stealth        | |  2.1

Action                   |  1- 3 |  4- 6 |  7- 9 | 10-12 | 13-15 | 16-18 || total
-------------------------+-------+-------+-------+-------+-------+-------++-------
Melee: Whip              |     9 |     1 |       |       |       |       ||    10
       Dagger            |       |       |     2 |       |       |       ||     2
       Long sword        |       |       |    39 |   127 |   158 |    35 ||   359
       Falchion          |       |       |    16 |       |       |       ||    16
       Punch             |       |       |       |     2 |     4 |       ||     6
 Fire: Sling             |       |    24 |    10 |       |       |       ||    34
       Shortbow          |       |       |    21 |     1 |       |       ||    22
Throw: Stone             |    20 |       |       |       |       |       ||    20
       Dart              |     3 |     1 |     2 |    10 |     1 |       ||    17
 Cast: Sandblast         |    52 |    87 |    98 |    97 |   136 |   229 ||   699
       Mephitic Cloud    |       |       |    16 |    27 |     8 |       ||    51
       Stone Arrow       |       |       |    34 |   179 |   378 |   110 ||   701
       Ensorcelled Hiber |       |       |       |    24 |     2 |       ||    26
       Tukima's Dance    |       |       |       |     9 |     2 |       ||    11
       Swiftness         |       |       |       |     7 |    13 |     5 ||    25
       Ozocubu's Armour  |       |       |       |     6 |    29 |    11 ||    46
       Wereblood         |       |       |       |     3 |    12 |     9 ||    24
       Freezing Cloud    |       |       |       |     1 |    97 |   113 ||   211
       Metabolic Englaci |       |       |       |       |    37 |    28 ||    65
       Borgnjor's Vile C |       |       |       |       |       |    38 ||    38
       Simulacrum        |       |       |       |       |       |     2 ||     2
Invok: Forget Spell      |       |       |       |       |     2 |       ||     2
       Channel Magic     |       |       |       |       |       |     2 ||     2
Evoke: Wand              |       |       |       |     1 |       |       ||     1
  Use: Potion            |       |       |    13 |     2 |     4 |     5 ||    24
       Scroll            |       |       |     6 |     8 |     5 |     6 ||    25
 Stab: Confused          |       |       |     5 |    12 |     1 |       ||    18
       Sleeping          |       |       |     1 |    11 |       |       ||    12
Armor: Robe              |     9 |    13 |    63 |    29 |       |    35 ||   149
       Steam dragon scal |       |       |       |    74 |   300 |   216 ||   590
Dodge: Dodged            |    23 |    24 |    93 |   198 |   381 |   204 ||   923
Block: Buckler           |       |       |       |       |    49 |   102 ||   151
